 Dungeon Crawl Stone Soup version 0.24.0-123-gd5b16e6ec5 (webtiles) character file.

Game seed: 2322250787332871442, levelgen mode: deterministic

772 mortelune the Firebug (level 7, -3/36 HPs)
             Began as a Gargoyle Fire Elementalist on Jan 11, 2020.
             Was an Initiate of Vehumet.
             Hit by a stone thrown by an orc warrior (15 damage)
             ... on level 6 of the Dungeon.
             The game lasted 00:13:23 (7527 turns).

mortelune the Firebug (Gargoyle Fire Elementalist)  Turns: 7527, Time: 00:13:24

Health: -3/36      AC:  7    Str: 11    XL:     7   Next: 83%
Magic:  8/12       EV: 12    Int: 18    God:    Vehumet [......]
Gold:   279        SH:  0    Dex: 10    Spells: 3/13 levels left

rFire    . . .     SeeInvis .   h - +0 mace
rCold    + . .     Gourm    .   (no shield)
rNeg     + . .     Faith    .   a - +0 robe
rPois    ∞         Spirit   .   (no helmet)
rElec    +         Reflect  .   (no cloak)
rCorr    .         Harm     .   n - +0 pair of gloves
MR       +....                  (no boots)
Stlth    ++........             (no amulet)
HPRegen  0.12/turn              v - ring of protection from magic
MPRegen  0.13/turn              x - ring of protection from cold

@: no status effects
A: negative energy resistance 1, electricity resistance, unbreathing,
petrification resistance, rot immunity, AC +4
a: Renounce Religion


You were on level 6 of the Dungeon.
You worshipped Vehumet.
Vehumet was noncommittal.
You were not hungry.

You visited 2 branches of the dungeon, and saw 7 of its levels.

You collected 279 gold pieces.

Inventory:

Hand Weapons
 b - a +0 dagger
 h - a +0 mace (weapon)
 p - a +2 hand axe of electrocution
 y - a +0 trident
Armour
 a - a +0 robe (worn)
 e - a +0 buckler
 n - a +0 pair of gloves (worn)
Jewellery
 r - an uncursed ring of ice
 v - a ring of protection from magic (left hand)
 x - a ring of protection from cold (right hand)
Wands
 D - a wand of disintegration (10)
Scrolls
 d - 3 scrolls of remove curse
 g - 2 scrolls of fear
 i - a scroll of identify
 l - a scroll of enchant armour
 m - 2 scrolls of magic mapping
 q - a scroll of fog
 s - 2 scrolls of teleportation
 A - a scroll of amnesia
 E - a scroll of enchant weapon {unknown}
Potions
 f - a potion of flight
 j - 2 potions of might
 k - a potion of lignification {unknown}
 o - a potion of heal wounds {unknown}
 t - a potion of brilliance {unknown}
 u - a potion of curing {unknown}
 w - a potion of ambrosia {unknown}
 z - a potion of degeneration {unknown}
 B - a potion of berserk rage {unknown}
 C - 4 potions of mutation {unknown}
Comestibles
 c - 9 rations


   Skills:
 - Level 1.5 Dodging
 - Level 2.1 Stealth
 + Level 3.9 Spellcasting
 * Level 5.8 Conjurations
 * Level 6.1 Fire Magic


You had 3 spell levels left.
You knew the following spells:

 Your Spells              Type           Power        Failure   Level  Hunger
a - Flame Tongue          Conj/Fire      ####.        1%          1    None
b - Throw Flame           Conj/Fire      ####..       1%          2    ##.....
c - Conjure Flame         Conj/Fire      ####....     3%          3    ###....
d - Sticky Flame          Conj/Fire      ####....     13%         4    ####...

Your spell library contained the following spells:

 Spells                   Type           Power        Failure   Level  Hunger
 Inner Flame              Hex/Fire       ##......     13%         3    ###....
 Fireball                 Conj/Fire      ####......   34%         5    ######.


Dungeon Overview and Level Annotations

Branches:
Dungeon (6/15)             Temple (1/1) D:6

Altars:
Ashenzari
Dithmenos
Fedhas
Gozag
Kikubaaqudgha
Makhleb
Nemelex Xobeh
Qazlal
Sif Muna
Trog
Vehumet
Xom
Yredelemnul
Zin


Innate Abilities, Weirdness & Mutations

You are resistant to torment.
Your stone body is resilient. (AC +4)
You are immune to poison.
You resist negative energy. (rN+)
You are resistant to electric shocks. (rElec)
You can survive without breathing.
You are immune to petrification.
You are immune to rotting.


Message History

You climb downwards.
There is a stone staircase leading up here.
The orc warrior is too close now for your liking.
The orc warrior hits you with a +0 flail!
You see here a stone.
Casting: Throw Flame (safe; 1% risk of failure)
Confirm with . or Enter, or press ? or * to list all spells.
Aiming: Sticky Flame (safe; 13% risk of failure)
Press: ? - help, Shift-Dir - straight line, f - orc warrior
Aim: an orc warrior, wielding a +0 flail and wearing a +0 plate armour The sticky flame hits the orc warrior.
The orc warrior is lightly wounded.
The orc warrior is covered in liquid flames!
The orc shouts!
The orc warrior burns!
The orc warrior hits you with a +0 flail.
The orc warrior burns!
The orc warrior throws a stone.
The stone hits you!
You see here a stone.
The orc warrior burns!
The orc warrior throws a stone.
The stone hits you!
You die...

#......#........##
#......#.........#
#......#.........#
#......#.........#
###+##.##.##....##
##o##.#######
#.((...# #...(..#
#....@<# ####..##
####


You could see an orc warrior (burning).

Vanquished Creatures
  Blork the orc (D:5)
  2 bullfrogs
  3 scorpions
  A howler monkey (D:6)
  2 jellies (D:5)
  5 orc wizards
  A worker ant zombie (D:5)
  7 adders
  An ooze (D:2)
  An adder zombie (D:6)
  An adder skeleton (D:4)
  2 worms
  5 dart slugs
  A leopard gecko (D:2)
  5 orcs
  2 ball pythons
  7 giant cockroaches
  9 goblins
  6 hobgoblins
  6 jackals
  4 kobolds
  3 quokkas
  5 bats
  12 frilled lizards
  8 rats
100 creatures vanquished.

Notes
Turn   | Place    | Note
-------+----------+-------------------------------------------
     0 | D:1      | mortelune the Gargoyle Fire Elementalist began the quest
                  | for the Orb.
     0 | D:1      | Reached XP level 1. HP: 10/10 MP: 3/3
   414 | D:1      | Reached XP level 2. HP: 15/15 MP: 1/5
   467 | D:1      | Learned a level 2 spell: Throw Flame
  1085 | D:1      | Reached XP level 3. HP: 19/19 MP: 1/6
  2077 | D:2      | Reached XP level 4. HP: 24/24 MP: 0/7
  2237 | D:2      | Noticed a moth of wrath
  2240 | D:2      | Found a bloodstained altar of Trog.
  2783 | D:2      | Reached skill level 4 in Fire Magic
  3950 | D:3      | Reached XP level 5. HP: 28/28 MP: 4/9
  4946 | D:4      | Reached XP level 6. HP: 32/32 MP: 2/10
  5171 | D:5      | Entered Level 5 of the Dungeon
  5375 | D:5      | Noticed Blork the orc
  5381 | D:5      | Killed Blork the orc
  5381 | D:5      | Reached skill level 5 in Fire Magic
  5447 | D:5      | Learned a level 3 spell: Conjure Flame
  5452 | D:5      | Learned a level 4 spell: Sticky Flame
  5897 | D:5      | Found a glowing silver altar of Zin.
  5916 | D:5      | Reached skill level 5 in Conjurations
  5916 | D:5      | Reached XP level 7. HP: 33/36 MP: 6/12
  6295 | D:6      | Found a staircase to the Ecumenical Temple.
  6312 | Temple   | Entered the Ecumenical Temple
  6345 | Temple   | Became a worshipper of Vehumet
  6692 | D:6      | Found a basalt altar of Yredelemnul.
  7160 | D:6      | Found a burning altar of Makhleb.
  7160 | D:6      | Found an ancient bone altar of Kikubaaqudgha.
  7161 | D:6      | Found a shimmering blue altar of Sif Muna.
  7215 | D:6      | Reached skill level 6 in Fire Magic
  7323 | D:6      | Found a shimmering altar of Xom.
  7527 | D:6      | Hit by a stone thrown by an orc warrior

Levels and vault maps discovered:
D:1:      dpeg_arrival_solitude, layout_loops_corners
D:2:      layout_basic, tgw_trog, minmay_lizard_king
D:3:      layout_loops_ring, first_ration, chequers_serial_rivers_small_a
D:4:      layout_loops_cross
D:5:      layout_cave_pools, kennysheep_mini, minivault_19, uniq_blork_the_orc
D:6:      wander_river, layout_gridville, nicolae_overflow_quartered_altars,
          marbit_many_paths, minmay_temple_entry_arrows, minivault_27
Temple:   dshaligram_water_room_temple

Skill      XL: |  1  2  3  4  5  6  7 |
---------------+----------------------+-----
Conjurations   | 2 3 4 5 |  5.8
Fire Magic     | 4 5 6 |  6.1
Spellcasting   | 3 |  3.9
Dodging        | |  1.5
Stealth        | |  2.1

Action                   |  1- 3 |  4- 6 |  7- 9 || total
-------------------------+-------+-------+-------++-------
Melee: Dagger            |    34 |       |       ||    34
       Mace              |       |    56 |     2 ||    58
 Cast: Flame Tongue      |    27 |    59 |    24 ||   110
       Throw Flame       |    24 |    61 |    24 ||   109
       Sticky Flame      |       |       |     4 ||     4
  Use: Scroll            |       |     6 |     4 ||    10
  Eat: Chunk             |     6 |    15 |     4 ||    25
       Ration            |       |       |     1 ||     1
Armor: Robe              |    20 |    34 |     6 ||    60
Dodge: Dodged            |    28 |    61 |     8 ||    97
